 Dungeon Crawl Stone Soup version 0.31.0-1-g2c135a008e (webtiles) character file.

Game seed: 7563962547046819195

384 qw the Shooter (level 7, -1/50 HPs)
             Began as a Djinni Hunter on Jan 23, 2024.
             Slain by a gnoll
             ... wielding a +0 spear
             ... led by a gnoll bouda
              (4 damage)
             ... on level 5 of the Dungeon.
             The game lasted 00:00:11 (3595 turns).

qw the Shooter (Djinni Hunter)                      Turns: 3595, Time: 00:00:11

Health: -1/50      AC:  4    Str: 10    XL:     7   Next: 6%
Gold:   183        EV: 13    Int: 10    God:
                   SH:  0    Dex: 19

rFire   + + .        a - +0 shortbow
rCold   x . .        (shield currently unavailable)
rNeg    . . .        d - +1 leather armour {Will+}
rPois   inf          (no helmet)
rElec   .            (no cloak)
rCorr   .            (no gloves)
SInv    .            (boots unavailable)
Will    +....        (no amulet)
Stlth   ++           (no ring)
HPRegen 0.28/turn    (no ring)
MPRegen 0.00/turn

%: infuse magic (-2 HP)
@: weakened, flying
A: sickness immunity, fire resistance 2, cold vulnerability 1, float, innate
caster, HP casting, extra vitality 1
a: no special abilities


You were on level 5 of the Dungeon.
You visited 1 branch of the dungeon, and saw 6 of its levels.

You collected 183 gold pieces.


Innate Abilities, Weirdness & Mutations

You are immune to sickness and miasma.
You are immune to poison.
Your flesh is very heat resistant. (rF++)
You are vulnerable to cold. (rC-)
You float through the air rather than walking.
You learn spells naturally, not from books.
Your magical power is your life essence.
You have superior vitality. (+4 MHP)


   Skills:
 + Level 3.1 Fighting
 - Level 5.1 Ranged Weapons
 - Level 3.1 Armour
 - Level 3.3 Dodging
 - Level 0.7 Stealth


You knew the following spells:

 Your Spells              Type           Power      Damage    Failure   Level
a - Necrotise             Necr           0%         1d4       45%         1
b - Scorch                Fire           0%         2d5       58%         2
c - Frozen Ramparts       Ice            0%         1d1       83%         3
Your spell library was empty.

Inventory:

Hand Weapons
 a - a +0 shortbow (weapon)
Armour
 d - a +1 leather armour of willpower (worn)
Scrolls
 e - 2 scrolls of enchant armour
Potions
 b - a potion of berserk rage
 c - a potion of brilliance {unknown}
 f - a potion of mutation {unknown}
 g - a potion of degeneration {unknown}
 h - 2 potions of resistance
 m - 5 potions of curing

Dungeon Overview and Level Annotations

Branches:
Dungeon (6/15)
 Temple: D:4-7

Altars:

Annotations:
D:3 1 runed translucent door, Crazy Yiuf


Message History

You shoot an arrow. The arrow hits the ogre.
You kill the ogre!
The hound bites you.
Your Dodging skill increases to level 3!
You shoot an arrow. The arrow hits the hound.
The hound is severely wounded.
The hound bites you. x2
You shoot an arrow.
The arrow hits the hound but does no damage.
The hound is severely wounded.
Your attacks no longer feel as feeble.
The hound bites you. x2
You shoot an arrow. The arrow closely misses the hound.
The arrow hits the gnoll bouda.
The gnoll bouda is heavily wounded.
The hound closely misses you.
The gnoll bouda gazes fiercely through you!
You feel your attacks grow feeble. The hound bites you but does no damage.
You shoot an arrow. The arrow hits the hound.
You kill the hound!
The gnoll hits you with a +0 flail!
The gnoll bouda calls upon its god to heal the gnoll.
The gnoll is healed somewhat.
Your Ranged Weapons skill increases to level 5!
You have reached level 7!
The power to cast Frozen Ramparts wells up from within.
Spell assigned to 'c'.
You shoot an arrow. The arrow hits the gnoll.
The gnoll is moderately wounded.
The gnoll hits you but does no damage. The gnoll hits you with a +0 flail.
You shoot an arrow.
The arrow hits the gnoll but does no damage.
The gnoll is moderately wounded.
The gnoll closely misses you. The gnoll hits you with a +0 flail.
You shoot an arrow. The arrow hits the gnoll!
The gnoll is almost dead.
You hear an angry hiss.
The gnoll hits you from afar with a +0 spear.
You die...

#.w. #.
#...##...
#.$..#..
#.......
##...$...
........#
......#J######
#.....gg@...#
#..#.#g####.#
#>.# #.......#
.....>..#
.#g.####.#
#.#g.# # #
#gg# .$..


You could see a gnoll bouda, a jelly and 2 gnolls.

Vanquished Creatures
  An ogre (D:5)
  A phantom (D:2)
  A scorpion (D:3)
  A hound (D:5)
  Terence (D:3)
  4 adders
  3 gnolls (D:3)
  2 dart slugs
  2 ribbon worms
  5 endoplasms
  9 giant cockroaches
  2 goblins
  7 hobgoblins
  A quokka (D:2)
  5 ball pythons
  4 bats
  A frilled lizard (D:1)
  4 kobolds
  2 rats (D:2)
56 creatures vanquished.

Notes
Turn   | Place    | Note
-------+----------+-------------------------------------------
     0 | D:1      | qw the Djinni Hunter began the quest for the Orb.
     0 | D:1      | Reached XP level 1. HP: 18/18 MP: 0/0
     0 | D:1      | 0 ||| qw: Version: 0.3-a-134-g2ba4250
     0 | D:1      | 0 ||| qw: Game counter: 769
     0 | D:1      | 0 ||| qw: Melee chars always use a shield: true
     0 | D:1      | 0 ||| qw: God list: Okawaru
     0 | D:1      | 0 ||| qw: Allow faded altars: false
     0 | D:1      | 0 ||| qw: Do Orc after clearing Dungeon:15 true
     0 | D:1      | 0 ||| qw: Do second Lair branch before Depths: true
     0 | D:1      | 0 ||| qw: Lair rune preference: random
     0 | D:1      | 0 ||| qw: Goals: Normal
     0 | D:1      | 0 ||| PLANNING D:1-11
   114 | D:1      | Reached XP level 2. HP: 23/23 MP: 0/0
   170 | D:1      | 170 ||| DROPPING +1 sling of freezing.
   828 | D:1      | 828 ||| UPGRADING to +0 ring mail.
   838 | D:1      | 838 ||| DROPPING +0 leather armour.
   839 | D:1      | 839 ||| READING scroll labelled BECACU WO ROI.
   839 | D:1      | 839 ||| ENCHANTING +0 shortbow.
   840 | D:1      | 840 ||| READING 3 scrolls labelled KEKAWA KABOC.
   840 | D:1      | 840 ||| IDENTIFYING fizzy amethyst potion
   841 | D:1      | 841 ||| READING 2 scrolls of identify.
   841 | D:1      | 841 ||| IDENTIFYING grey potion
   842 | D:1      | 842 ||| READING scroll of identify.
   842 | D:1      | 842 ||| IDENTIFYING coppery potion
   843 | D:1      | 843 ||| READING scroll labelled CAETWA ZEMUSHO.
   844 | D:1      | 844 ||| READING scroll labelled XORINUQ JELUCVAPETT.
   845 | D:1      | 845 ||| READING scroll labelled NUUXZO JEYPNIZ.
   850 | D:1      | 850 ||| DRINKING 2 viscous inky potions.
   851 | D:1      | 851 ||| DROPPING scroll of butterflies.
   852 | D:1      | 852 ||| DROPPING potion of ambrosia.
   942 | D:2      | Reached skill level 4 in Ranged Weapons
   942 | D:2      | Reached XP level 3. HP: 28/28 MP: 0/0
   942 | D:2      | Learned a level 1 spell: Necrotise
   942 | D:2      | Noticed a phantom
   957 | D:2      | Killed a phantom
   958 | D:2      | Reached skill level 3 in Armour
   958 | D:2      | Reached XP level 4. HP: 21/33 MP: 0/0
  1190 | D:2      | Reached XP level 5. HP: 35/38 MP: 0/0
  1190 | D:2      | Learned a level 2 spell: Scorch
  1894 | D:2      | 1894 ||| READING scroll of identify.
  1894 | D:2      | 1894 ||| IDENTIFYING viscous coppery potion
  1895 | D:2      | 1895 ||| READING scroll labelled CUASYL BYCZIE.
  1996 | D:2      | 1996 ||| DROPPING potion of lignification.
  2309 | D:3      | Reached skill level 3 in Fighting
  2636 | D:3      | Found a runed translucent door.
  2637 | D:3      | Noticed Crazy Yiuf
  2736 | D:3      | Noticed Terence
  2749 | D:3      | HP: 10/40 [Terence/+0 mace (4)]
  2750 | D:3      | 2750 ||| DRINKING potion of heal wounds.
  2754 | D:3      | Killed Terence
  2755 | D:3      | Reached XP level 6. HP: 16/46 MP: 0/0
  2976 | D:4      | 2976 ||| STAIRDANCE
  3451 | D:4      | You are sucked into a shaft and drop 2 floors!
  3523 | D:6      | 3523 ||| UPGRADING to +1 leather armour of willpower.
  3533 | D:6      | 3533 ||| DROPPING +0 ring mail.
  3534 | D:6      | 3534 ||| READING scroll labelled LIGEDEENUN.
  3535 | D:6      | 3535 ||| DRINKING 2 brown potions.
  3568 | D:6      | 3568 ||| FLEEEEING.
  3569 | D:6      | 3569 ||| FLEEEEING.
  3570 | D:6      | 3570 ||| FLEEEEING.
  3571 | D:6      | 3571 ||| STAIRDANCE
  3572 | D:5      | Entered Level 5 of the Dungeon
  3572 | D:5      | Noticed an ogre
  3573 | D:5      | 3573 ||| RETREEEEATING.
  3574 | D:5      | 3574 ||| RETREEEEATING.
  3575 | D:5      | 3575 ||| RETREEEEATING.
  3588 | D:5      | Killed an ogre
  3589 | D:5      | Reached skill level 3 in Dodging
  3592 | D:5      | HP: 10/46 [gnoll/+0 flail[a gnoll bouda] (10)]
  3593 | D:5      | Reached skill level 5 in Ranged Weapons
  3593 | D:5      | Reached XP level 7. HP: 11/50 MP: 0/0
  3593 | D:5      | Learned a level 3 spell: Frozen Ramparts
  3594 | D:5      | HP: 3/50 [gnoll/+0 flail[a gnoll bouda] (5)]
  3595 | D:5      | Slain by a gnoll

Levels and vault maps discovered:
D:1:      zelgadis_glass_arrival_small, layout_basic, st_stairs_10
D:2:      layout_basic, grunt_ministairs_10
D:3:      layout_basic, item_on_display_a, uniq_crazy_yiuf_cottage, uniq_terence
D:4:      layout_loops_corners, mainiacjoe_overflow_alcove_1
D:5:      layout_loops_ring, nicolae_vehumet_altar_sigil,
          minmay_temple_entry_fiery
D:6:      layout_loops_cross, minmay_large_rounded_square, uniq_eustachio,
          uniq_edmund

Skill      XL: |  1  2  3  4  5  6 |
---------------+-------------------+-----
Ranged Weapons | 4 5 |  5.1
Armour         | 3 |  3.1
Fighting       | 3 |  3.1
Dodging        | 3 |  3.3
Stealth        | |  0.7

Action                     |  1- 3 |  4- 6 |  7- 9 || total
---------------------------+-------+-------+-------++-------
   Fire: Shortbow          |    56 |   168 |     3 ||   227
    Use: Scroll            |     7 |     3 |       ||    10
         Potion            |     1 |     2 |       ||     3
 Armour: Leather armour    |     4 |     9 |     4 ||    17
         Ring mail         |     7 |    53 |       ||    60
  Dodge: Dodged            |    14 |    48 |     1 ||    63

Table legend:
 A = Non-vault XP
 B = Vault XP
 C = Vault XP percentage of total XP
 D = Non-vault monster count
 E = Vault monster count
 F = Vault count percentage of total count
                 A         B        C        D         E       F
            +---------+---------+-------+---------+---------+-------
      Total |     511 |      38 |   6.9 |      50 |       6 |  10.7
            +---------+---------+-------+---------+---------+-------
        D:1 |      25 |       3 |  10.7 |      13 |       3 |  18.8
        D:2 |     127 |       3 |   2.3 |      14 |       2 |  12.5
        D:3 |     181 |      32 |  15.0 |      16 |       1 |   5.9
        D:4 |      23 |       0 |   0.0 |       5 |       0 |   0.0
        D:5 |     155 |       0 |   0.0 |       2 |       0 |   0.0
            +---------+---------+-------+---------+---------+-------
